[Event "ICC tourney 1954 (60 10)"]
[Site "Internet Chess Club"]
[Date "2020.08.09"]
[Round "7"]
[White "Justinl20202020"]
[Black "tasawyer81"]
[Result "1-0"]
[ICCResult "Black resigns"]
[WhiteElo "1191"]
[BlackElo "938"]
[Opening "Caro-Kann: Panov-Botvinnik attack, 5...e6"]
[ECO "B14"]
[NIC "CK.03"]
[Time "12:02:57"]
[TimeControl "3600+10"]

1. e4 c6 2. d4 d5 3. exd5 cxd5 4. c4 Nf6 5. Nc3 e6 6. Nf3 Bd6 7. Be2 O-O 8.
O-O Bb4 9. a3 Bxc3 10. bxc3 Ne4 11. Bb2 h6 12. Bd3 Nd7 13. Re1 Ndf6 14. cxd5
exd5 15. c4 Bg4 16. h3 Bh5 17. cxd5 Qxd5 18. Rc1 b5 19. Re3 Rfe8 20. Qc2
Bxf3 21. Rxf3 Qg5 22. d5 Nd2 23. Rg3 Qf4 24. Bxf6 Qxf6 25. Qxd2 Qd4 26. Bh7+
Kh8 {Black resigns} 1-0

[Event "ICC tourney 1954 (60 10)"]
[Site "Internet Chess Club"]
[Date "2020.08.09"]
[Round "7"]
[White "Alberttheshow"]
[Black "ClydeChess"]
[Result "0-1"]
[ICCResult "White checkmated"]
[WhiteElo "571"]
[BlackElo "1266"]
[Opening "Sicilian: Najdorf, Lipnitzky attack"]
[ECO "B86"]
[NIC "SI.13"]
[Time "12:02:57"]
[TimeControl "3600+10"]

1. e4 c5 2. Nf3 d6 3. d4 cxd4 4. Nxd4 Nf6 5. Nc3 a6 6. Bc4 e6 7. Nf3 Qc7 8.
Bb3 Nbd7 9. Be3 Be7 10. O-O Nc5 11. Bxc5 dxc5 12. Bc4 b5 13. Be2 O-O 14. a4
b4 15. Na2 Rd8 16. Qc1 Nxe4 17. Rd1 Bb7 18. c3 b3 19. c4 bxa2 20. Rxa2 Nf6
21. Ra3 Ng4 22. Kf1 Nxh2+ 23. Nxh2 Qxh2 24. Bf3 Bxf3 25. gxf3 Bh4 26. Rd2
Qh1+ 27. Ke2 Qxc1 28. Rxd8+ Rxd8 29. Rb3 Qd2+ 30. Kf1 Qd1+ 31. Kg2 Qxb3 32.
Kh3 Rd4 33. Kg2 Rf4 34. Kh3 Qxf3+ 35. Kh2 Qxf2+ 36. Kh3 Qg3# {White
checkmated} 0-1

[Event "ICC tourney 1954 (60 10)"]
[Site "Internet Chess Club"]
[Date "2020.08.09"]
[Round "7"]
[White "DanielYang99"]
[Black "Snowzera"]
[Result "1/2-1/2"]
[ICCResult "Game drawn by mutual agreement"]
[WhiteElo "604"]
[BlackElo "1041"]
[Opening "Sicilian: dragon variation"]
[ECO "B70"]
[NIC "SI.15"]
[Time "12:02:11"]
[TimeControl "3600+10"]

1. e4 c5 2. Nf3 d6 3. d4 cxd4 4. Nxd4 Nf6 5. Nc3 g6 6. Bc4 Bg7 7. O-O O-O 8.
h3 e5 9. Nf3 Nc6 10. Be3 Be6 11. Bb3 Qe7 12. Qd2 Rad8 13. Rad1 a6 14. Nd5
Bxd5 15. Bxd5 Qc7 16. Rfe1 Rfe8 17. Bh6 Nxd5 18. Bxg7 Kxg7 19. Qxd5 Nb4 20.
Qb3 Nc6 21. Rd3 h5 22. Rc3 Qd7 23. Rd1 Nd4 24. Nxd4 exd4 25. Rcd3 Rxe4 26.
Rxd4 Rxd4 27. Rxd4 Re8 28. Qc3 Kh7 29. Qd2 Re6 30. c4 Qc6 31. b4 b6 32. a3
b5 33. cxb5 axb5 34. Rd5 Qa6 35. Qd3 Qa4 36. Rxd6 Rxd6 37. Qxd6 Qxa3 38. Qc5
Qa1+ 39. Kh2 Qa4 40. Qf8 Qa7 41. Qe8 Qc7+ 42. g3 Qc4 43. Qe1 Qc7 44. Qe2 Qc4
45. Qxc4 bxc4 46. b5 c3 47. b6 c2 48. b7 c1=Q 49. b8=Q Qc2 50. Qf4 Qa2 51.
Kg2 Qa8+ 52. Qf3 Qa2 53. h4 Kg8 54. g4 hxg4 55. Qxg4 Qd5+ 56. Qf3 Qe5 57.
Qa8+ Kh7 58. Qb7 Qf5 59. Qf3 Qe6 60. Kg3 Qd6+ 61. Kg2 Qe6 62. Kg3 f5 63.
Qb7+ Kh6 64. Qf3 Qe5+ 65. Qf4+ Qxf4+ 66. Kxf4 Kh5 67. Kg3 Kh6 68. f4 Kh5 69.
Kh3 Kh6 70. Kg3 Kh5 71. Kh3 {Game drawn by mutual agreement} 1/2-1/2

[Event "ICC tourney 1954 (60 10)"]
[Site "Internet Chess Club"]
[Date "2020.08.09"]
[Round "7"]
[White "azhang123"]
[Black "MSU8899"]
[Result "0-1"]
[ICCResult "White resigns"]
[WhiteElo "1258"]
[BlackElo "1056"]
[Opening "Queen's bishop game"]
[ECO "D00"]
[NIC "QP.08"]
[Time "12:02:57"]
[TimeControl "3600+10"]

1. d4 d5 2. Bf4 Nf6 3. Nf3 Bf5 4. e3 e6 5. Ne5 Bd6 6. Be2 Nc6 7. g4 Bg6 8.
h4 h6 9. Bd3 Bxd3 10. cxd3 Nd7 11. Nxc6 bxc6 12. Qf3 Rb8 13. b3 c5 14. dxc5
Nxc5 15. d4 Nd3+ 16. Kd2 Nxf4 17. exf4 Rb4 18. Qe3 Qf6 19. Ke1 Bxf4 20. Qd3
Rxd4 21. Qb5+ Ke7 22. Qc5+ Bd6 23. Qxa7 Qe5+ 24. Kf1 Rd1+ 25. Kg2 Qe4+ 26.
f3 Qe2+ 27. Qf2 Qxf2+ 28. Kxf2 Rxh1 29. Kg2 Rxh4 30. Nd2 Rh2+ 31. Kf1 Rxd2
32. Ke1 Rd4 {White resigns} 0-1

[Event "ICC tourney 1954 (60 10)"]
[Site "Internet Chess Club"]
[Date "2020.08.09"]
[Round "7"]
[White "Aidenmaps"]
[Black "alphablitz"]
[Result "1-0"]
[ICCResult "Black checkmated"]
[WhiteElo "978"]
[BlackElo "713"]
[Opening "Queen's gambit accepted"]
[ECO "D20"]
[NIC "QG.03"]
[Time "12:02:43"]
[TimeControl "3600+10"]

1. d4 d5 2. c4 dxc4 3. e3 Nf6 4. Bxc4 e6 5. Nc3 Nc6 6. Nf3 Bb4 7. O-O Bxc3
8. bxc3 O-O 9. Re1 Ne4 10. Qd3 Nf6 11. e4 Re8 12. Bf4 h6 13. Rab1 a6 14. a4
Rb8 15. h3 Bd7 16. Bb3 Nh5 17. Bh2 Rc8 18. Bc2 Qf6 19. e5 Qf5 20. Qd2 Qxc2
21. Qxc2 g6 22. g4 Ng7 23. Rxb7 Na5 24. Rbb1 h5 25. gxh5 gxh5 26. Ng5 f5 27.
exf6 Rf8 28. Qh7# {Black checkmated} 1-0

[Event "ICC tourney 1954 (60 10)"]
[Site "Internet Chess Club"]
[Date "2020.08.09"]
[Round "7"]
[White "chessadpa"]
[Black "SonicTrist"]
[Result "1-0"]
[ICCResult "Black checkmated"]
[WhiteElo "1189"]
[BlackElo "1323"]
[Opening "King's pawn opening"]
[ECO "B07"]
[NIC "VO.17"]
[Time "12:03:09"]
[TimeControl "3600+10"]

1. e4 d6 2. Nf3 Nf6 3. Nc3 g6 4. Bc4 Bg7 5. d3 O-O 6. Bf4 c6 7. Bb3 b5 8. h3
a5 9. a3 Bd7 10. Qd2 c5 11. Ba2 a4 12. Ne2 Nc6 13. Ng3 b4 14. Bb1 bxa3 15.
Rxa3 Rb8 16. c3 Na5 17. Bc2 Rxb2 18. Qc1 Qb6 19. O-O Ne8 20. Bxa4 Bxa4 21.
Rxa4 Qb5 22. Rxa5 Qxa5 23. Qxb2 Bxc3 24. Qc2 Bg7 25. Bd2 Qc7 26. Rc1 Nf6 27.
d4 Rc8 28. dxc5 dxc5 29. Be3 Nd7 30. Ne1 c4 31. Nf3 c3 32. Ne2 Ne5 33. Ned4
Nxf3+ 34. Nxf3 Qb7 35. Qd3 c2 36. Kh2 Qc7+ 37. g3 Bb2 38. Bf4 Qc6 39. Nd4
Qc5 40. Rxc2 Bc3 41. Bd2 Bxd4 42. Rxc5 Bxc5 43. Qc3 Rc7 44. Bf4 Rc6 45. Be3
Kf8 46. Bxc5 Ke8 47. Qh8+ Kd7 48. Be3 Ke6 49. Qxh7 Kf6 50. Qh8+ Ke6 51. Qd4
Rd6 52. Qc4+ Kf6 53. e5+ Kxe5 54. Bf4+ Kf5 55. Bxd6 exd6 56. Qxf7+ Kg5 57.
Qd5+ Kh6 58. Qxd6 Kh5 59. Qf6 g5 60. g4+ Kh4 61. Qh6# {Black checkmated} 1-0

[Event "ICC tourney 1954 (60 10)"]
[Site "Internet Chess Club"]
[Date "2020.08.09"]
[Round "7"]
[White "aarush-narsina"]
[Black "lemonbar"]
[Result "1/2-1/2"]
[ICCResult "Game drawn by mutual agreement"]
[WhiteElo "878"]
[BlackElo "1050"]
[Opening "Ruy Lopez: Anderssen variation"]
[ECO "C77"]
[NIC "RL.12"]
[Time "12:02:37"]
[TimeControl "3600+10"]

1. e4 e5 2. Nf3 Nc6 3. Bb5 a6 4. Ba4 Nf6 5. d3 Be7 6. O-O O-O 7. h3 b5 8.
Bb3 d6 9. c3 Bb7 10. Re1 h6 11. Nbd2 Re8 12. Nf1 Bf8 13. Ng3 g6 14. Be3 Bg7
15. Qd2 g5 16. Nf5 Ne7 17. h4 Nxf5 18. hxg5 Nxe3 19. gxf6 Qxf6 20. Qxe3 Qf4
21. Qxf4 exf4 {Game drawn by mutual agreement} 1/2-1/2

[Event "ICC tourney 1954 (60 10)"]
[Site "Internet Chess Club"]
[Date "2020.08.09"]
[Round "7"]
[White "Remington"]
[Black "JKnapp"]
[Result "1-0"]
[ICCResult "Black resigns"]
[WhiteElo "762"]
[BlackElo "757"]
[Opening "Queen's bishop game"]
[ECO "D00"]
[NIC "QP.08"]
[Time "12:02:07"]
[TimeControl "3600+10"]

1. d4 d5 2. Bf4 Nf6 3. Nf3 Bg4 4. e3 Nc6 5. Be2 e6 6. c4 Bd6 7. Bg5 Be7 8.
Nc3 O-O 9. h3 h6 10. Bh4 Bf5 11. O-O Qd6 12. a3 e5 13. Bg3 Qe6 14. cxd5 Nxd5
15. Nxd5 Qxd5 16. Nxe5 Nxe5 17. Bxe5 Rfe8 18. Bxc7 Rac8 19. Rc1 Be4 20. f3
Bg6 21. Bg3 Qg5 22. Bf4 Qf5 23. Qd2 Bg5 24. Rxc8 Rxc8 25. Bxg5 Qxg5 26. Bd3
Bxd3 27. Qxd3 Re8 28. Kf2 Re6 29. e4 Rg6 30. Rg1 Qg3+ 31. Kf1 Qf4 32. Kf2
Rd6 33. Qe3 Qf6 34. e5 Qh4+ 35. g3 Qxd4 36. exd6 Qxd6 37. Qe2 Qb6+ 38. Kg2
Qf6 39. Rd1 {Black resigns} 1-0

[Event "ICC tourney 1954 (60 10)"]
[Site "Internet Chess Club"]
[Date "2020.08.09"]
[Round "7"]
[White "ltristam"]
[Black "Chai2006"]
[Result "0-1"]
[ICCResult "White resigns"]
[WhiteElo "1227"]
[BlackElo "942"]
[Opening "French: exchange variation"]
[ECO "C01"]
[NIC "FR.01"]
[Time "12:02:56"]
[TimeControl "3600+10"]

1. e4 e6 2. d4 d5 3. exd5 exd5 4. c4 Nc6 5. Nf3 Nf6 6. Bg5 Be7 7. Bd3 Bg4 8.
h3 Bxf3 9. Qxf3 Nxd4 10. Qd1 dxc4 11. Bxc4 Qd6 12. O-O O-O 13. Nc3 Rad8 14.
Re1 Qc5 15. Bxf6 Bxf6 16. Bd3 Qb6 17. Rb1 Bh4 18. g3 Bxg3 19. Re3 Bf4 20.
Re4 Bd2 21. Rh4 Bh6 22. Qg4 f5 23. Qg2 Qg6 24. Bc4+ Kh8 25. Qxg6 Nf3+ 26.
Kh1 hxg6 {White resigns} 0-1

[Event "ICC tourney 1954 (60 10)"]
[Site "Internet Chess Club"]
[Date "2020.08.09"]
[Round "7"]
[White "sakethdesu"]
[Black "joshhansen7"]
[Result "1-0"]
[ICCResult "Black resigns"]
[WhiteElo "856"]
[BlackElo "227"]
[Opening "Caro-Kann defense"]
[ECO "B10"]
[NIC "CK.01"]
[Time "12:02:57"]
[TimeControl "3600+10"]

1. e4 c6 2. Nf3 d5 3. exd5 cxd5 4. d4 Nf6 5. Nc3 Nc6 6. Bb5 Bd7 7. Be3 g6 8.
O-O Bg7 9. Ne5 O-O 10. Bg5 e6 11. Rb1 a6 12. Ba4 b5 13. Bb3 Qb6 14. Bxf6
Rfd8 15. Bxd8 Qxd8 16. Nxd7 Qxd7 17. g3 Nxd4 18. Ne2 Nf3+ 19. Kg2 Ng5 20. c3
Bf6 21. f3 Qd6 22. h4 Qe5 23. hxg5 Qxg5 24. f4 Qg4 25. Nd4 h5 26. Qxg4 hxg4
27. Nc6 d4 28. Nxd4 Rd8 29. Nc6 Rd2+ 30. Rf2 Rd3 31. Ne5 Bh4 32. Nxd3 Bxg3
33. Kxg3 f5 {Black resigns} 1-0

[Event "ICC tourney 1954 (60 10)"]
[Site "Internet Chess Club"]
[Date "2020.08.09"]
[Round "7"]
[White "QueeningPawn8"]
[Black "sahithyansaran"]
[Result "1-0"]
[ICCResult "Black checkmated"]
[WhiteElo "924"]
[BlackElo "511"]
[Opening "Scotch opening"]
[ECO "C44"]
[NIC "KP.10"]
[Time "12:02:48"]
[TimeControl "3600+10"]

1. e4 e5 2. Nf3 Nc6 3. d4 d6 4. dxe5 dxe5 5. Qxd8+ Nxd8 6. Nxe5 Nc6 7. Bb5
Ne7 8. Nc3 a6 9. Ba4 b5 10. Nxc6 Nxc6 11. Bb3 Bd6 12. Be3 O-O 13. O-O Bb7
14. Bd5 Na5 15. Bxb7 Nxb7 16. Rad1 Rae8 17. Rfe1 Rd8 18. a3 Rfe8 19. Nd5
Rxe4 20. Nc3 Re6 21. Rd2 Bf4 22. Rxd8+ Nxd8 23. Rd1 Bd6 24. Bc5 Bxc5 25.
Rxd8+ Bf8 26. Kf1 Rd6 27. Re8 Rd2 28. Re2 Rd8 29. Ke1 Bd6 30. Rd2 Kf8 31.
Ne4 Ke7 32. Ke2 Bxh2 33. Rxd8 Kxd8 34. g3 h5 35. Kf1 h4 36. Kg2 hxg3 37.
fxg3 Bxg3 38. Kxg3 Ke7 39. Kf4 f6 40. Kf5 c6 41. b4 Kf7 42. Nc5 g6+ 43. Kf4
f5 44. Nxa6 Kf6 45. Nc5 g5+ 46. Kf3 f4 47. Kg4 Kg6 48. Ne4 f3 49. Kxf3 Kf5
50. Nxg5 Kxg5 51. Ke4 Kf6 52. Kd4 Ke6 53. Kc5 Kd7 54. c3 Kc7 55. c4 bxc4 56.
Kxc4 Kb6 57. a4 Ka6 58. Kc5 Kb7 59. a5 Kc7 60. a6 Kb8 61. Kxc6 Ka7 62. b5
Ka8 63. b6 Kb8 64. a7+ Ka8 65. b7+ Kxa7 66. Kc7 Ka6 67. b8=Q Ka5 68. Qb3 Ka6
69. Qb6# {Black checkmated} 1-0

[Event "ICC tourney 1954 (60 10)"]
[Site "Internet Chess Club"]
[Date "2020.08.09"]
[Round "7"]
[White "srsmv"]
[Black "MBashur"]
[Result "1/2-1/2"]
[ICCResult "Game drawn by mutual agreement"]
[WhiteElo "1207"]
[BlackElo "917"]
[Opening "Pirc: Ufimtsev-Pytel variation"]
[ECO "B07"]
[NIC "PU.08"]
[Time "12:02:42"]
[TimeControl "3600+10"]

1. e4 d6 2. d4 Nf6 3. Nc3 c6 4. Nf3 Nbd7 5. Bd3 e6 6. O-O Be7 7. Bf4 Nh5 8.
Be3 O-O 9. e5 f5 10. exd6 Bxd6 11. Ne5 Nhf6 12. Nf3 b5 13. Re1 b4 14. Ne2
Nd5 15. Bg5 N7f6 16. Ng3 h6 17. Bxf6 Nxf6 18. Bc4 Bxg3 19. fxg3 Qe8 20. Nh4
Ne4 21. Nxf5 Qf7 22. Rxe4 Qxf5 23. Rf4 Qg5 24. Qf3 Rxf4 25. gxf4 Qf5 26.
Qxc6 Qxf4 27. Qxa8 Qxd4+ 28. Kh1 Qxc4 29. h3 Qxc2 30. Re1 Qc7 31. Qe4 Qe7
32. Rc1 Bb7 33. Qf4 Bd5 34. Rc7 Qf8 35. Qxf8+ Kxf8 36. Rxa7 g5 37. Rh7 Bxa2
38. Rxh6 Kg7 39. Rh5 Kg6 40. g4 Bd5+ 41. Kh2 e5 42. h4 gxh4 43. Rxh4 e4 44.
Rh3 Kf6 45. Kg1 Be6 46. Re3 Ke5 47. g5 Kf4 48. Kf2 Bf7 49. Rg3 Bg6 50. Rb3
e3+ 51. Rxe3 Kxg5 52. Ke2 Bf7 53. Rg3+ Kh4 54. Re3 Kg5 55. Kd2 Kf4 56. Re1
Bd5 57. Rf1+ Ke4 58. Rh1 Kf3 59. Ra1 Ke4 60. Ra4 Kd4 61. Rxb4+ Kc5 62. Kc3
Bf7 63. Rf4 Be6 64. Rf6 Bc8 65. Rf5+ Bxf5 66. b4+ Kb5 67. Kb3 Bc2+
{Game drawn by mutual agreement}
1/2-1/2

[Event "ICC tourney 1954 (60 10)"]
[Site "Internet Chess Club"]
[Date "2020.08.09"]
[Round "7"]
[White "stepke"]
[Black "GIML"]
[Result "1-0"]
[ICCResult "Black resigns"]
[WhiteElo "1331"]
[BlackElo "1086"]
[Opening "King's Indian defense"]
[ECO "E60"]
[NIC "KI.80"]
[Time "12:02:28"]
[TimeControl "3600+10"]

1. d4 Nf6 2. c4 g6 3. Bg5 Ne4 4. Bf4 d5 5. Nc3 Nxc3 6. bxc3 Bg7 7. cxd5 Qxd5
8. Nf3 O-O 9. Bxc7 Nc6 10. e3 Bf5 11. Bd3 Bg4 12. Be2 Rac8 13. Bf4 e6 14.
O-O Ne7 15. c4 Qa5 16. Ne5 Bxe2 17. Qxe2 f6 18. Nd7 Rfd8 19. Nc5 e5 20. Nxb7
Qb6 21. Rab1 Qc7 22. Bg3 Rd7 23. Nc5 Rd6 24. Ne4 Rc6 25. dxe5 fxe5 26. c5
Nf5 27. Nd6 Nxd6 28. cxd6 Rxd6 29. f4 Qe7 30. f5 Rdc6 31. fxg6 hxg6 32. Qg4
Qc5 33. Bf2 Bh6 34. Qh3 Kg7 35. Rb7+ R8c7 36. Qc8 Bxe3 37. Bxe3 Qxe3+ 38.
Kh1 Qc5 39. Rxc7+ Rxc7 40. Qa6 Qc1 41. h3 Qc6 42. Qe2 Re7 43. Qf2 Qd6 44.
Qf8+ Kh7 45. Rf7+ Rxf7 46. Qxd6 Rf5 47. Qd7+ Kh6 48. Qxa7 e4 49. Qe3+ Kh5
50. g4+ {Black resigns} 1-0

[Event "ICC tourney 1954 (60 10)"]
[Site "Internet Chess Club"]
[Date "2020.08.09"]
[Round "7"]
[White "Diyor"]
[Black "SoaringHawk24"]
[Result "0-1"]
[ICCResult "White resigns"]
[WhiteElo "1067"]
[BlackElo "1313"]
[Opening "French: advance, Milner-Barry gambit"]
[ECO "C02"]
[NIC "FR.03"]
[Time "12:02:04"]
[TimeControl "3600+10"]

1. e4 e6 2. d4 d5 3. e5 c5 4. c3 Nc6 5. Nf3 Qb6 6. Bd3 Bd7 7. Bc2 cxd4 8.
cxd4 Bb4+ 9. Nc3 Nge7 10. O-O O-O 11. Na4 Qc7 12. a3 Ba5 13. b4 Bb6 14. Nxb6
axb6 15. Qd3 Ng6 16. Nh4 Qd8 17. Nxg6 fxg6 18. Bd2 Qc7 19. b5 Na5 20. Bxa5
Rxa5 21. a4 Rc8 22. Rac1 Qc3 23. Qxc3 Rxc3 24. Rfd1 Ra8 25. Rd2 Rxa4 26. Rd3
Rxc2 27. Rb1 Bxb5 28. Rf3 Rac4 {White resigns} 0-1

[Event "ICC tourney 1954 (60 10)"]
[Site "Internet Chess Club"]
[Date "2020.08.09"]
[Round "7"]
[White "IsaacCumes"]
[Black "nirvana2020"]
[Result "0-1"]
[ICCResult "White resigns"]
[WhiteElo "968"]
[BlackElo "842"]
[Opening "Petrov's defense"]
[ECO "C42"]
[NIC "RG.03"]
[Time "12:02:19"]
[TimeControl "3600+10"]

1. e4 e5 2. Nf3 Nf6 3. Nxe5 Qe7 4. d4 d6 5. Nf3 Qxe4+ 6. Be2 Bf5 7. c3 Be7
8. Nbd2 Qe6 9. O-O O-O 10. Re1 Nc6 11. Bc4 Qd7 12. Bb5 Rfe8 13. c4 d5 14.
Qb3 dxc4 15. Bxc4 Nd8 16. d5 a6 17. Ne5 Qd6 18. Ndf3 b5 19. Bd3 Bxd3 20.
Nxd3 Qxd5 21. Qc3 Qd6 22. Bf4 Qd7 23. Bxc7 Nd5 24. Nde5 Qxc7 25. Qxc7 Nxc7
26. Nd7 Nde6 27. Nb6 Rad8 28. a4 Rd6 29. a5 Nc5 30. Nc8 Re6 31. Nxe7+ R6xe7
32. h3 h6 33. Rxe7 Rxe7 34. Rd1 Nb3 35. g4 Nxa5 36. g5 Nc4 37. b3 Na5 38. b4
Nc6 39. Re1 Rxe1+ 40. Nxe1 Nxb4 {White resigns} 0-1

[Event "ICC tourney 1954 (60 10)"]
[Site "Internet Chess Club"]
[Date "2020.08.09"]
[Round "7"]
[White "weheinrich"]
[Black "bryantan2010"]
[Result "1/2-1/2"]
[ICCResult "Game drawn by mutual agreement"]
[WhiteElo "1019"]
[BlackElo "1206"]
[Opening "Three knights game"]
[ECO "C46"]
[NIC "KP.06"]
[Time "12:02:57"]
[TimeControl "3600+10"]

1. e4 e5 2. Nf3 Nc6 3. Nc3 Bb4 4. d3 h6 5. Bd2 Nf6 6. a3 Ba5 7. b4 Bb6 8.
Be3 d6 9. Na4 Be6 10. Nxb6 axb6 11. h3 Qd7 12. Nd2 b5 13. c3 d5 14. exd5
Nxd5 15. c4 bxc4 16. dxc4 Nxe3 17. fxe3 O-O 18. Be2 Rad8 19. Nf3 Qxd1+ 20.
Rxd1 Rxd1+ 21. Kxd1 f5 22. Ke1 Rd8 23. Kf2 Ra8 24. Ra1 Nxb4 25. Rb1 Nc6 26.
Rxb7 e4 27. Rxc7 exf3 28. Rxc6 fxe2 29. Rxe6 e1=Q+ 30. Kxe1 Rxa3 31. Kf2 Kf7
32. Rc6 Ra7 33. c5 Ke7 34. Rb6 Rc7 35. c6 Kd6 36. Kf3 g5 37. Rb5 f4 38. exf4
gxf4 39. Kxf4 Rf7+ 40. Rf5 Rg7 41. g3 Rg6 42. Ra5 Kc7 43. h4 Rxc6 44. g4 Kd7
45. Re5 Re6 46. Rxe6 Kxe6 47. h5 Kf6 48. Kg3 Kg5 49. Kf3 Kf6 50. Kf4 Kg7 51.
Kf5 Kf7 52. Ke5 Ke7 53. Kf5 Kf7 54. g5 hxg5 55. Kxg5 Kg7 56. Kf5 Kh6 57. Kg4
Kh7 58. Kg5 Kg7 59. Kg4 {Game drawn by mutual agreement} 1/2-1/2

[Event "ICC tourney 1954 (60 10)"]
[Site "Internet Chess Club"]
[Date "2020.08.09"]
[Round "7"]
[White "EW2006"]
[Black "Mikanikal"]
[Result "1-0"]
[ICCResult "Black resigns"]
[WhiteElo "1070"]
[BlackElo "1272"]
[Opening "Alekhine's defense: Maróczy variation"]
[ECO "A00"]
[NIC "VO.13"]
[Time "12:02:18"]
[TimeControl "3600+10"]

1. d3 Nf6 2. e4 d6 3. Be2 g6 4. h3 Bg7 5. Nf3 O-O 6. Be3 c5 7. O-O Nfd7 8.
c3 Nc6 9. d4 cxd4 10. cxd4 Nf6 11. Nc3 Bd7 12. Qd2 Rc8 13. Rac1 a6 14. Bg5
b5 15. e5 dxe5 16. dxe5 Ne8 17. Rfd1 Be6 18. Qxd8 Rxd8 19. Rxd8 Nxd8 20.
Bxe7 Nc6 21. Bxf8 Kxf8 22. Nxb5 Nxe5 23. Nc3 Nxf3+ 24. Bxf3 Nd6 25. Be2 Bc4
26. Bxc4 Nxc4 27. Rc2 f5 28. Kf1 Kf7 29. Ke2 Bd4 30. Nd1 Ne5 31. Rc7+ Kg8
32. b3 Nf7 33. Rc6 a5 34. Ra6 Nd6 35. Rxa5 Ne4 36. Rd5 Bc3 37. Rd8+ Kg7 38.
a4 Ba5 39. Rd7+ Kh6 40. Ra7 Bb4 41. a5 Nc5 42. a6 Nxb3 43. Rb7 Nd4+ 44. Kd3
Nc6 45. a7 Nxa7 46. Rxa7 Bc5 47. Rc7 Bd6 48. Rc6 Bb4 49. f3 Kg5 50. Rc7 h5
51. Rg7 Bf8 52. Rg8 Be7 53. Ne3 f4 54. Nd5 Bd6 55. Ke4 Ba3 56. Nxf4 Bc1 57.
Rxg6+ {Black resigns} 1-0

[Event "ICC tourney 1954 (60 10)"]
[Site "Internet Chess Club"]
[Date "2020.08.09"]
[Round "7"]
[White "BenPaquet"]
[Black "boxingguy2469x"]
[Result "1-0"]
[ICCResult "Black resigns"]
[WhiteElo "930"]
[BlackElo "1185"]
[Opening "Three knights game"]
[ECO "C46"]
[NIC "KP.06"]
[Time "12:02:33"]
[TimeControl "3600+10"]

1. e4 e5 2. Nf3 Nc6 3. Nc3 Bc5 4. Nxe5 Nf6 5. Nxc6 dxc6 6. Bc4 Bg4 7. Be2
Be6 8. O-O O-O 9. d3 Qd7 10. Bg5 Ng4 11. h3 f6 12. Bxg4 Bxg4 13. Qxg4 Qxg4
14. hxg4 fxg5 15. Rae1 Bb4 16. Re2 Bc5 17. Na4 Bb6 18. Nxb6 axb6 19. a3 Rf4
20. f3 Raf8 21. Re3 Kf7 22. g3 Rf6 23. f4 gxf4 24. gxf4 Ke7 25. f5 Rh6 26.
e5 Kd8 27. g5 Rh5 28. f6 Rxg5+ 29. Kh2 gxf6 30. exf6 Rh5+ 31. Rh3 Rxh3+ 32.
Kxh3 Ke8 33. Kh4 Rf7 34. Kh5 Kd7 35. Kh6 Ke6 36. Re1+ Kxf6 37. Rf1+ Ke7 38.
Rxf7+ Kxf7 39. Kxh7 Ke6 40. Kg7 Kd6 41. Kf6 c5 42. c4 c6 43. b3 b5 44. Kf5
bxc4 45. dxc4 b5 46. a4 bxa4 47. bxa4 Kc7 48. Ke6 Kb6 49. Kd6 Ka5 50. Kxc6
Kxa4 51. Kxc5 Ka5 52. Kc6 Kb4 53. c5 Ka5 54. Kb7 {Black resigns} 1-0

[Event "ICC tourney 1954 (60 10)"]
[Site "Internet Chess Club"]
[Date "2020.08.09"]
[Round "7"]
[White "seaglass-chess"]
[Black "srirammarni"]
[Result "1-0"]
[ICCResult "Black resigns"]
[WhiteElo "1354"]
[BlackElo "903"]
[Opening "English opening"]
[ECO "A20"]
[NIC "EO.24"]
[Time "12:03:34"]
[TimeControl "3600+10"]

1. c4 e5 2. g3 Nc6 3. Bg2 Nf6 4. d3 Bc5 5. Nf3 d5 6. cxd5 Nxd5 7. O-O O-O 8.
Bd2 Nf6 9. Nc3 Bf5 10. Nh4 Bg4 11. h3 Bh5 12. Rc1 Bb6 13. Kh2 h6 14. Ne4
Nxe4 15. Bxe4 g5 16. Nf5 Bg6 17. Nxh6+ Kg7 18. Nf5+ Bxf5 19. Bxf5 Qf6 20. e4
Nd4 21. Qg4 Rh8 22. Kg2 Rh6 23. Bxg5 Rg6 24. Bxf6+ Kxf6 25. Bxg6 fxg6
{Black resigns}
1-0

[Event "ICC tourney 1954 (60 10)"]
[Site "Internet Chess Club"]
[Date "2020.08.09"]
[Round "7"]
[White "Anishkor"]
[Black "BabyFelix"]
[Result "0-1"]
[ICCResult "White resigns"]
[WhiteElo "1288"]
[BlackElo "1121"]
[Opening "Giuoco Piano"]
[ECO "C54"]
[NIC "IG.02"]
[Time "12:02:28"]
[TimeControl "3600+10"]

1. e4 e5 2. Nf3 Nc6 3. Bc4 Bc5 4. c3 Nf6 5. d4 exd4 6. cxd4 Bb4+ 7. Bd2 Nxe4
8. Bxb4 Nxb4 9. Qb3 d5 10. Be2 Nc6 11. O-O O-O 12. Nc3 Nxc3 13. bxc3 b6 14.
Qc2 Bg4 15. Rfe1 Re8 16. h3 Bh5 17. Ne5 Bxe2 18. Rxe2 Nxe5 19. dxe5 Qd7 20.
Rd1 c6 21. Rd4 b5 22. Rh4 g6 23. Qd2 Re6 24. Qh6 f6 25. Re3 fxe5 26. Rg3 Rf8
27. Rh5 e4 28. Rh4 Ref6 29. Kh1 Qg7 30. Qe3 Rxf2 31. Qc5 Rf1+ 32. Kh2 Qc7
33. Qe3 Ra1 34. Qh6 Rff1 {White resigns} 0-1

[Event "ICC tourney 1954 (60 10)"]
[Site "Internet Chess Club"]
[Date "2020.08.09"]
[Round "7"]
[White "layla0422"]
[Black "Cbf577"]
[Result "0-1"]
[ICCResult "White checkmated"]
[WhiteElo "1147"]
[BlackElo "1380"]
[Opening "Sicilian defense"]
[ECO "B20"]
[NIC "SI.48"]
[Time "12:02:12"]
[TimeControl "3600+10"]

1. e4 c5 2. b3 Nc6 3. Bb2 e5 4. Nf3 d6 5. Bc4 Be7 6. O-O Nf6 7. d3 O-O 8.
Nc3 a6 9. Nd5 Nxd5 10. Bxd5 Nb4 11. a3 Nxd5 12. exd5 Bg4 13. Qe2 Bf6 14. Qe4
Qd7 15. b4 Bf5 16. Qc4 b5 17. Qb3 Qc7 18. c4 Rab8 19. bxc5 Qxc5 20. Rad1
bxc4 21. Qc3 Bxd3 22. Rfe1 e4 23. Nd4 Rxb2 24. Qxb2 Bxd4 25. Qa2 Rb8 26. Qd2
Rb2 27. Qg5 f6 28. Qf5 Rxf2 29. Qe6+ Kf8 30. Kh1 Qc7 31. Qh3 g6 32. Qh6+ Qg7
33. Qh3 f5 34. Qh4 Qe7 35. Qh6+ Qg7 36. Qg5 Ke8 37. Rd2 h6 38. Qg3 Rxd2 39.
Qxd6 c3 40. Qc6+ Kf8 41. d6 Bb5 42. Qc8+ Be8 43. Qxa6 c2 44. Qf1 Ba4 45. Qa6
Rd1 46. Qxa4 Rxe1# {White checkmated} 0-1

[Event "ICC tourney 1954 (60 10)"]
[Site "Internet Chess Club"]
[Date "2020.08.09"]
[Round "7"]
[White "AJRChess2011"]
[Black "ChemStud24"]
[Result "1-0"]
[ICCResult "Black resigns"]
[WhiteElo "1201"]
[BlackElo "1337"]
[Opening "Sicilian: Najdorf, Adams attack"]
[ECO "B90"]
[NIC "SI.14"]
[Time "12:02:56"]
[TimeControl "3600+10"]

1. e4 c5 2. Nf3 d6 3. d4 cxd4 4. Nxd4 Nf6 5. Nc3 a6 6. h3 e6 7. g4 d5 8.
exd5 Nxd5 9. Bd2 Bc5 10. Nf3 Qb6 11. Qe2 Qxb2 12. Rb1 Qxc2 13. Rc1 Nxc3 14.
Rxc2 Nxe2 15. Rxc5 Nd7 16. Rc2 b5 17. Bxe2 Bb7 18. Rg1 O-O 19. Rc7 Bc8 20.
Nd4 Re8 21. Bf3 Rb8 22. Nc6 Rb7 23. Ne7+ Rxe7 24. Rxc8+ Nf8 25. Bxb7 Rxb7
26. Bb4 {Black resigns} 1-0

[Event "ICC tourney 1954 (60 10)"]
[Site "Internet Chess Club"]
[Date "2020.08.09"]
[Round "7"]
[White "Metaworldchess"]
[Black "amdink"]
[Result "1-0"]
[ICCResult "Black resigns"]
[WhiteElo "1343"]
[BlackElo "1083"]
[Opening "Scotch: Potter variation"]
[ECO "C45"]
[NIC "SO.05"]
[Time "12:02:14"]
[TimeControl "3600+10"]

1. e4 e5 2. Nf3 Nc6 3. d4 exd4 4. Nxd4 Bc5 5. Nb3 Bb6 6. Nc3 Nf6 7. Qe2 O-O
8. Be3 Bxe3 9. Qxe3 d5 10. O-O-O Re8 11. Nxd5 Nxd5 12. Rxd5 Qxd5 13. exd5
Rxe3 14. fxe3 Nb4 15. e4 Nxa2+ 16. Kd2 Nb4 17. c3 Na6 18. Bxa6 bxa6 19. Nc5
Rb8 20. Kc2 f5 21. e5 Bb7 22. Nxb7 Rxb7 23. c4 Kf7 24. Kc3 g6 25. b4 Ke7 26.
Ra1 h5 27. Rxa6 g5 28. Rh6 h4 29. Rf6 Rb6 30. Rxf5 Rg6 31. b5 g4 32. Rh5 g3
33. Rxh4 gxh2 34. Rxh2 Rg3+ 35. Kb4 Kd7 36. Kc5 Rg7 37. e6+ Ke7 38. Kc6 Kf6
39. Rh8 Rxg2 40. Kxc7 Rg7+ 41. Kd6 Rb7 42. Rf8+ Kg7 43. Rf7+ Rxf7 44. exf7
Kxf7 45. Kc7 a5 46. bxa6 Kf6 {Black resigns} 1-0